 Dungeon Crawl Stone Soup version 0.22-a0-32-ga749362 (webtiles) character file.

48150 tilp the Destroyer (level 14, -13/121 HPs)
             Began as a Red Draconian Conjurer on Jan 2, 2018.
             Was a High Priest of Vehumet.
             Mangled by a large slime creature (20 damage)
             ... on level 12 of the Dungeon on Jan 3, 2018.
             The game lasted 01:37:08 (29183 turns).

tilp the Destroyer (Red Draconian Conjurer)        Turns: 29183, Time: 01:37:10

Health: -13/121    AC: 21    Str: 24    XL:     14   Next: 11%
Magic:  6/30       EV: 14    Int: 22    God:    Vehumet [*****.]
Gold:   1250       SH:  7    Dex: 11    Spells: 12/37 levels left

rFire    + + .     SeeInvis .   P - +3 scimitar (flame)
rCold    + + .     Gourm    .   L - +2 buckler "Limpez" {rElec rF+ Str+4 Int+3}
rNeg     . . .     Faith    +   (armour unavailable)
rPois    .         Spirit   .   Z - +2 hat
rElec    +         Reflect  .   u - +2 cloak
rCorr    +         Harm     .   p - +2 pair of gloves {Str+3}
MR       +....                  G - +1 pair of boots of the Komodo Dragon {rC++ Str+4 Stlth+}
Stlth    ++++......             H - amulet of faith
HPRegen  0.30/turn              E - +3 ring of protection
MPRegen  0.22/turn              U - ring of resist corrosion

@: very slightly contaminated
A: breathe fire, unfitting armour, fire resistance 1, cold-blooded, AC +8
a: Breathe Fire, Renounce Religion


You were on level 12 of the Dungeon.
You worshipped Vehumet.
Vehumet was extremely pleased with you.
You were not hungry.

You visited 3 branches of the dungeon, and saw 20 of its levels.

You collected 1250 gold pieces.

Inventory:

Hand Weapons
 v - a +1 flail of protection
 P - a +3 scimitar of flaming (weapon)
Missiles
 B - 32 tomahawks (quivered)
Armour
 p - a +2 pair of gloves of strength (worn)
 u - a +2 cloak (worn)
 G - the +1 pair of boots of the Komodo Dragon (worn) {rC++ Str+4 Stlth+}
   (You found it on level 11 of the Dungeon)

   It affects your strength (+4).
   It greatly protects you from cold.
   It makes you more stealthy.
 L - the +2 buckler "Limpez" (worn) {rElec rF+ Str+4 Int+3}
   (You found it on level 1 of the Lair of Beasts)

   It affects your strength (+4).
   It affects your intelligence (+3).
   It protects you from fire.
   It insulates you from electricity.
 Z - a +2 hat (worn)
Jewellery
 o - the ring "Xuxkued" {+Fly MP-9 Int+2 Stlth+}
   (You took it off a crimson imp on level 11 of the Dungeon)

   [ring of flight]

   It affects your intelligence (+2).
   It affects your magic capacity (-9).
   It lets you fly.
   It makes you more stealthy.
 E - a +3 ring of protection (left hand)
 H - an amulet of faith (around neck)
 K - an uncursed ring of flight
 U - a ring of resist corrosion (right hand)
 V - an uncursed ring of ice
Wands
 a - a wand of polymorph (12)
 k - a wand of acid (14)
 q - a wand of scattershot (6)
 r - a wand of paralysis (8)
 s - a wand of iceblast (6)
 M - a wand of disintegration (8)
 R - a wand of clouds (6)
 Y - a wand of flame (25)
Scrolls
 c - 7 scrolls of teleportation
 e - 8 scrolls of remove curse
 f - a scroll of holy word {unknown}
 h - a scroll of enchant armour
 j - 8 scrolls of fear
 l - 4 scrolls of amnesia
 m - a scroll of summoning {unknown}
 y - 2 scrolls of enchant weapon {unknown}
 D - a scroll of fog {unknown}
 N - 3 scrolls of blinking
 O - 2 scrolls of magic mapping
Potions
 d - 3 potions of heal wounds {unknown}
 g - 7 potions of curing
 n - 4 potions of haste
 t - 4 potions of agility
 x - 4 potions of brilliance {unknown}
 z - a potion of ambrosia {unknown}
 A - 5 potions of flight
 C - a potion of might {unknown}
 I - 2 potions of resistance
 J - 2 potions of mutation {unknown}
 T - 2 potions of berserk rage {unknown}
 W - a potion of experience {unknown}
Books
 F - the Disquisition on Ignition and Transformation
   (You found it on level 11 of the Dungeon)

   Spells                             Type                      Level
   a - Throw Flame                    Conjuration/Fire             2
   b - Ignite Poison                  Fire/Transmutation/Poison    3
   c - Inner Flame                    Hexes/Fire                   3
   d - Spider Form                    Transmutation/Poison         3
   e - Ignition                       Fire                         8
Miscellaneous
 i - a crystal ball of energy
Comestibles
 b - 31 rations
 w - 5 chunks of flesh


   Skills:
 - Level 10.0 Fighting
 - Level 6.0 Dodging
 - Level 6.0 Stealth
 - Level 6.0 Shields
 - Level 12.0 Spellcasting
 + Level 14.2 Conjurations
 - Level 4.0 Translocations
 + Level 3.3 Fire Magic
 - Level 6.1 Evocations


You had 12 spell levels left.
You knew the following spells:

 Your Spells              Type           Power        Failure   Level  Hunger
a - Magic Dart            Conj           ####         0%          1    None
b - Searing Ray           Conj           ######       0%          2    None
d - Iskenderun's Mystic   Conj           ######..     1%          4    None
e - Fulminant Prism       Conj/Hex       #####.....   1%          4    None
f - Conjure Flame         Conj/Fire      ######..     1%          3    None
g - Mephitic Cloud        Conj/Pois/Air  ####....     1%          3    None
h - Conjure Ball Lightni  Conj/Air       #####.....   11%         6    #####..
i - Blink                 Tloc           N/A          1%          2    None


Dungeon Overview and Level Annotations

Branches:
Dungeon (13/15)            Temple (0/1) D:5            Lair (6/6) D:9
 Shoals (0/4) Lair:4       Spider (0/4) Lair:2        Slime (0/5) Lair:5
    Orc (1/2) D:9
 Vaults: D:13-14

Altars:
Ashenzari
Cheibriados
Dithmenos
Elyvilon
Fedhas
Gozag
Kikubaaqudgha
Trog
Vehumet
Xom
Beogh

Annotations:
D:9 2 transporters
D:11 spellbooks here


Innate Abilities, Weirdness & Mutations

You can breathe blasts of fire.
Your fiery red scales are hard. (AC +8)
You cannot fit into any form of body armour.
Your flesh is heat resistant. (rF+)
You are cold-blooded and may be slowed by cold attacks.


Message History

The large slime creature hits you!!!
Casting: Searing Ray
Confirm with . or Enter, or press ? or * to list all spells.
Aiming: Searing Ray
Press: ? - help, Shift-Dir - straight line, f/p - large slime creature
Aim: a large slime creature (almost dead)
The searing ray hits the large slime creature.
The large slime creature is almost dead. (Press . to maintain the ray.)
You feel sick. The large slime creature hits you!!!
* * * LOW HITPOINT WARNING * * *
You feel better. The large slime creature hits you.
* * * LOW HITPOINT WARNING * * *
Casting: Searing Ray
Confirm with . or Enter, or press ? or * to list all spells.
You miscast Blink.
You are very lightly contaminated with residual magic.
The world appears momentarily distorted!
The large slime creature hits you!!
You die...

******#############*****#********
,,,,,.............,,,,,..,,,,,,,,
,,,,,............#*,,,...,,****,,
,,,,,*#..........#*,,....,,* *,,
,,,,,*#..........#*,..J..,,* *,,
,,,,,*#..........##......,,* *,,
,,,,,*#.........@J.......,,* *,,
,,,,,*#........###'####+#*,* *,*
,,,,,*#.....)..#,,...,,,,*,****,*
,,,,.##........#,,.....,,*,,,,,,*
,,,,...........+,,.......*****+**
,,**#####......#,,.......,,,,,,**
,,+,,...####'###,,.......**,,,,**
,,*,,.........#*,,.......**,,,,,*
,,*,,.........#*,,,,,,,,,,,,,,,,,


You could see a large slime creature and a slime creature (wandering).

Vanquished Creatures
  Gastronok (Lair:1)
  A sphinx (D:11)
  The ghost of Thaneod the Blocker, a journeyman GnFi of Okawaru (D:12)
  2 fire dragons (D:11)
  The ghost of Thaneod the Nimble, a journeyman GnGl of Makhleb (D:12)
  An ogre mage (D:11)
  4 hydras
  A centaur warrior (D:11)
  Erica (D:8)
  4 two-headed ogres
  2 tengu warriors (D:11)
  4 death yaks
  3 unseen horrors
  A deep troll (D:11)
  A flayed ghost (D:11)
  A deep elf mage (D:9)
  3 ugly things
  A cyclops (D:11)
  2 oklob plants (Lair:3)
  A manticore (D:12)
  A merfolk siren (Lair:4)
  A torpor snail (Lair:5)
  Joseph (D:7)
  2 centaur zombies
  4 black mambas
  5 spiny frogs
  A kobold demonologist (D:12)
  A rime drake (Lair:5)
  A demonic crawler (Lair:2)
  3 komodo dragons
  2 trolls
  3 merfolk (Lair:4)
  7 blink frogs (Lair:2)
  Prince Ribbit (D:7)
  5 hippogriffs
  A slime creature (D:12)
  2 wraiths
  2 shadows (D:11)
  3 wyverns
  18 yaks
  4 basilisks
  A human (D:8)
  2 hungry ghosts (D:9)
  4 hogs (D:8)
  Menkaure (D:4)
  Edmund (D:4)
  An acid dragon (D:11)
  A soldier ant (D:12)
  7 water moccasins
  The ghost of anet the Magician, an amateur DEWz (D:4)
  6 porcupines
  3 black bears
  12 orc warriors
  3 ice beasts
  A phantom (D:11)
  2 eyes of draining
  6 wolves
  A necrophage (D:11)
  3 centaurs
  5 ogres
  Blork the orc (D:4)
  11 crocodiles
  2 big kobolds
  17 bullfrogs
  10 scorpions
  A wyvern skeleton (D:11)
  A water moccasin skeleton (D:11)
  16 killer bees
  6 wights (D:11)
  2 electric eels (Lair:1)
  A lava snake (D:12)
  6 crimson imps
  9 jellies
  2 bullfrog zombies
  2 centaur skeletons
  6 hounds
  A quasit (D:12)
  A bullfrog skeleton (D:11)
  13 orc priests
  25 orc wizards
  6 iguanas
  11 worker ants
  A hound zombie (D:8)
  A hound skeleton (D:4)
  2 worker ant zombies
  Robin (D:4)
  A howler monkey skeleton (D:7)
  10 adders
  4 shadow imps
  2 oozes (Lair:5)
  3 adder skeletons
  An adder zombie (D:8)
  6 worms
  2 dart slugs
  4 leopard geckos
  78 orcs
  6 giant cockroaches
  5 hobgoblins
  10 jackals
  16 kobolds
  7 quokkas
  8 bats
  6 frilled lizards
  19 goblins
  A jackal zombie (D:8)
  A leopard gecko skeleton (D:5)
  8 rats
  A bush (Lair:3)
  2 fulminant prisms
  2 fungi
523 creatures vanquished.

Vanquished Creatures (others)
  32 ball lightnings
  A fire vortex (D:12)
  15 fulminant prisms
  5 fungi
  A plant (Lair:3)
54 creatures vanquished.

Grand Total: 577 creatures vanquished

Notes
Turn   | Place    | Note
-------+----------+-------------------------------------------
     0 | D:1      | tilp the Draconian Conjurer began the quest for the Orb.
     0 | D:1      | Reached XP level 1. HP: 14/14 MP: 3/3
   250 | D:1      | Reached XP level 2. HP: 20/20 MP: 1/5
   523 | D:1      | Learned a level 2 spell: Searing Ray
  1573 | D:2      | Reached XP level 3. HP: 26/26 MP: 1/6
  1578 | D:2      | Learned a level 3 spell: Dazzling Spray
  1911 | D:2      | Reached skill level 5 in Conjurations
  2185 | D:2      | Reached XP level 4. HP: 28/33 MP: 1/8
  3188 | D:3      | Reached XP level 5. HP: 37/38 MP: 1/9
  3340 | D:3      | Learned a level 4 spell: Iskenderun's Mystic Blast
  4086 | D:4      | Reached skill level 6 in Conjurations
  4172 | D:4      | Noticed Blork the orc
  4173 | D:4      | Noticed Robin
  4304 | D:4      | Killed Robin
  4399 | D:4      | Reached XP level 6. HP: 22/46 MP: 0/12
  4590 | D:4      | Reached skill level 1 in Fighting
  4653 | D:4      | Found a shadowy altar of Dithmenos.
  4653 | D:4      | Found a radiant altar of Vehumet.
  4660 | D:4      | Became a worshipper of Vehumet
  4785 | D:4      | Noticed Edmund
  4845 | D:4      | Killed Blork the orc
  4965 | D:4      | Noticed anet's ghost (amateur DEWz)
  5150 | D:4      | Your scales start taking on a fiery red colour.
  5150 | D:4      | Reached XP level 7. HP: 56/56 MP: 6/13
  5150 | D:4      | Gained mutation: Your flesh is heat resistant. (rF+) [Red Draconian growth]
  5342 | D:4      | Learned a level 4 spell: Fulminant Prism
  5482 | D:4      | Killed anet's ghost
  5521 | D:4      | Killed Edmund
  5586 | D:4      | Noticed Menkaure
  5587 | D:4      | Found a shimmering altar of Xom.
  5589 | D:4      | Killed Menkaure
  5589 | D:4      | Reached skill level 7 in Conjurations
  5865 | D:5      | Entered Level 5 of the Dungeon
  5865 | D:5      | Found a snail-covered altar of Cheibriados.
  5889 | D:5      | Found an ancient bone altar of Kikubaaqudgha.
  5890 | D:5      | Found a white marble altar of Elyvilon.
  5970 | D:5      | Reached XP level 8. HP: 66/66 MP: 1/14
  6112 | D:5      | Reached skill level 8 in Conjurations
  6424 | D:5      | Found a bloodstained altar of Trog.
  6917 | D:5      | Reached * piety under Vehumet
  6917 | D:5      | Offered knowledge of Sandblast by Vehumet.
  7033 | D:5      | Found a staircase to the Ecumenical Temple.
  7489 | D:6      | Found a shimmering altar of Xom.
  8161 | D:6      | Reached skill level 5 in Spellcasting
  8811 | D:7      | Reached XP level 9. HP: 71/71 MP: 11/16
  8819 | D:7      | Reached skill level 9 in Conjurations
  9274 | D:7      | Found a radiant altar of Vehumet.
  9274 | D:7      | Noticed Joseph
  9657 | D:7      | Offered knowledge of Sting by Vehumet.
  9769 | D:7      | Noticed Prince Ribbit
 10067 | D:7      | Reached ** piety under Vehumet
 10310 | D:8      | Noticed a two-headed ogre
 10320 | D:8      | Killed a two-headed ogre
 10320 | D:8      | Reached skill level 10 in Conjurations
 10331 | D:7      | Learned a level 3 spell: Conjure Flame
 10335 | D:7      | Learned a level 3 spell: Mephitic Cloud
 10504 | D:8      | Noticed Erica
 10509 | D:8      | Killed Erica
 10509 | D:8      | Reached skill level 5 in Fighting
 10509 | D:8      | Reached skill level 5 in Dodging
 10509 | D:8      | Reached XP level 10. HP: 49/83 MP: 0/19
 10733 | D:8      | Found a blossoming altar of Fedhas.
 11022 | D:8      | Noticed a two-headed ogre
 11030 | D:8      | Killed a two-headed ogre
 11874 | D:8      | Found a shattered altar of Ashenzari.
 12468 | D:8      | Killed an unseen horror
 12468 | D:8      | Reached skill level 11 in Conjurations
 12514 | D:8      | Noticed a two-headed ogre
 12520 | D:8      | Killed a two-headed ogre
 12845 | D:9      | Offered knowledge of Inner Flame by Vehumet.
 13022 | D:9      | Reached *** piety under Vehumet
 13057 | D:9      | Found a transporter.
 13165 | D:9      | Reached XP level 11. HP: 94/94 MP: 20/22
 13172 | D:9      | Noticed a centaur warrior
 13236 | D:9      | Offered knowledge of Airstrike by Vehumet.
 13310 | D:9      | Found a staircase to the Lair.
 13451 | D:9      | Found a transporter.
 13832 | D:9      | Noticed a deep elf mage
 13839 | D:9      | Killed a deep elf mage
 14023 | D:9      | Reached **** piety under Vehumet
 14190 | D:9      | Offered knowledge of Olgreb's Toxic Radiance by Vehumet.
 14217 | D:9      | Reached skill level 12 in Conjurations
 14492 | D:9      | Found a roughly hewn altar of Beogh.
 14492 | D:9      | Found a staircase to the Orcish Mines.
 14789 | D:10     | Entered Level 10 of the Dungeon
 14918 | Orc:1    | Entered Level 1 of the Orcish Mines
 14918 | Orc:1    | Found a roughly hewn altar of Beogh.
 15281 | Orc:1    | Noticed an orc sorcerer
 15434 | Lair:1   | Entered Level 1 of the Lair of Beasts
 15435 | Lair:1   | Noticed Gastronok
 15439 | Lair:1   | Got a polished buckler
 15445 | Lair:1   | Identified the +2 buckler "Limpez" {rElec rF+ Str+4 Int+3} (You found it on level 1 of the Lair of Beasts)
 15614 | Lair:1   | Killed Gastronok
 16456 | Lair:2   | Reached skill level 1 in Shields
 16528 | Lair:2   | Reached ***** piety under Vehumet
 16528 | Lair:2   | Offered knowledge of Conjure Ball Lightning by Vehumet.
 16545 | Lair:2   | Learned a level 6 spell: Conjure Ball Lightning
 17157 | Lair:2   | Reached XP level 12. HP: 77/105 MP: 20/25
 17324 | Lair:2   | Found a hole to the Spider Nest.
 18403 | Lair:2   | Reached skill level 10 in Fighting
 18407 | Lair:2   | Reached skill level 13 in Conjurations
 18621 | Lair:3   | Noticed a death yak
 18629 | Lair:3   | Noticed a death yak
 18833 | Lair:3   | Learned a level 2 spell: Blink
 19000 | Lair:3   | Noticed a death yak
 19027 | Lair:3   | Killed a death yak
 19073 | Lair:2   | Killed a death yak
 19073 | Lair:2   | Reached skill level 1 in Translocations
 19211 | Lair:3   | Killed a death yak
 19469 | Lair:3   | Reached skill level 10 in Spellcasting
 19865 | Lair:4   | Reached skill level 5 in Shields
 19970 | Lair:4   | Found a staircase to the Shoals.
 20597 | Lair:4   | Noticed a six-headed hydra
 20605 | Lair:4   | Killed a five-headed hydra
 21461 | Lair:5   | Noticed an eight-headed hydra
 21475 | Lair:5   | Killed a six-headed hydra
 21608 | Lair:5   | Reached skill level 14 in Conjurations
 21614 | Lair:5   | Reached XP level 13. HP: 113/113 MP: 16/27
 21698 | Lair:5   | Offered knowledge of Lightning Bolt by Vehumet.
 21698 | Lair:5   | Reached skill level 1 in Evocations
 22104 | Lair:5   | You fall through a shaft!
 22104 | Lair:6   | Entered Level 6 of the Lair of Beasts
 22602 | Lair:5   | Found a staircase to the Slime Pits.
 23675 | D:7      | Killed Prince Ribbit
 23751 | D:7      | Killed Joseph
 24110 | D:10     | Reached skill level 5 in Stealth
 24877 | D:10     | You fall through a shaft for 3 floors!
 25267 | D:11     | Found an opulent altar of Gozag.
 25488 | D:11     | Reached skill level 5 in Evocations
 26108 | D:11     | Noticed a fire dragon
 26161 | D:11     | Killed a fire dragon
 26931 | D:11     | Noticed a fire dragon
 26943 | D:11     | Killed a fire dragon
 27350 | D:11     | Noticed a sphinx
 27360 | D:11     | Killed a sphinx
 27891 | D:11     | Got a clouded glass ring
 27904 | D:11     | Identified the Disquisition on Ignition and Transformation
 27907 | D:11     | Got a pair of ancient boots
 27919 | D:11     | Identified the +1 pair of boots of the Komodo Dragon {rC++ Str+4 Stlth+} (You found it on level 11 of the Dungeon)
 27921 | D:11     | Identified the ring "Xuxkued" {+Fly MP-9 Int+2 Stlth+} (You took it off a crimson imp on level 11 of the Dungeon)
 28213 | D:12     | Noticed Thaneod's ghost (journeyman GnFi)
 28221 | D:12     | Noticed Thaneod's ghost (journeyman GnGl)
 28224 | D:12     | Reached skill level 1 in Fire Magic
 28224 | D:12     | Reached XP level 14. HP: 104/121 MP: 11/30
 28406 | D:12     | Offered knowledge of Ozocubu's Refrigeration by Vehumet.
 28695 | D:12     | Killed Thaneod's ghost
 28830 | D:12     | Killed Thaneod's ghost
 28831 | D:12     | Upgraded the game from 0.22-a0-21-g9421e3f to 0.22-a0-32-ga749362
 29181 | D:12     | HP: 5/121 [large slime creature (40)]
 29183 | D:12     | Mangled by a large slime creature

Vault maps used:
D:1:      mushboom_english_gardens, st_stairs_8
D:2:      grunt_decor_one_mirror, hangedman_decor_points
D:3:      item_on_display_a
D:4:      tgw_xom, amethyst_overflow_temple_binary, first_ration, uniq_edmund,
          uniq_menkaure, uniq_blork_the_orc, uniq_robin
D:5:      lightli_temple_of_fire, minitemple, temple_green, cheibriados_altar_1
D:6:      basic_altar
D:7:      basic_altar, minmay_misc_feat_four_crosses, uniq_prince_ribbit1,
          uniq_joseph
D:8:      fedhas_altar_fruit_tree, lemuel_round_altar, grunt_livestock,
          minmay_joined_circles, uniq_erica
D:9:      gammafunk_the_bubble, grunt_lair_entry_orc_guard_hut, david_orc_5,
          guppyfry_early_elven_hall
D:11:     minmay_tile_spiral, minivault_27,
          nicolae_gozag_cash_rules_everything_around_me
D:12:     portal_ice_cave_entry_ice_beasts, minmay_stone_trees_small,
          kennysheep_generic_room_6
D:13:     serial_shops, shop, shop, kennysheep_little_box, minmay_rotating_lava
Lair:1:   grunt_megastairs_3, serial_bayou_shore_a, uniq_gastronok
Lair:2:   nicolae_spider_entry_non_spiders, lemuel_fruit_tree
Lair:3:   disabler_island
Lair:4:   elwin_shoals_entry_stream
Lair:5:   nicolae_slime_entry_slimehenge, st_stairs_13
Lair:6:   minmay_lair_end_enchanted_forest
Orc:1:    basic_altar, uniq_josephine

Skill      XL: |  1  2  3  4  5  6  7  8  9 10 11 12 13 14 |
---------------+-------------------------------------------+-----
Conjurations   | 5 6 7 8 10 11 12 14 | 14.2
Spellcasting   | 3 4 5 6 7 9 10 12 | 12.0
Fighting       | 2 4 5 8 9 10 | 10.0
Dodging        | 2 4 5 6 |  6.0
Stealth        | 4 6 |  6.0
Shields        | 3 6 |  6.0
Translocations | 4 |  4.0
Evocations     | 6 |  6.1
Fire Magic     | 1 3 |  3.3

Action                   |  1- 3 |  4- 6 |  7- 9 | 10-12 | 13-15 || total
-------------------------+-------+-------+-------+-------+-------++-------
Melee: Dagger            |    32 |    30 |    11 |       |       ||    73
       Tailslap          |     3 |     1 |     2 |    15 |    54 ||    75
       Flail             |       |       |    19 |    60 |       ||    79
       Scimitar          |       |       |       |    92 |   307 ||   399
Throw: Stone             |     4 |       |       |       |       ||     4
       Tomahawk          |       |       |       |     2 |       ||     2
 Cast: Magic Dart        |    94 |   123 |    70 |   212 |    28 ||   527
       Searing Ray       |     1 |    13 |    60 |   142 |    60 ||   276
       Iskenderun's Myst |       |       |     2 |    15 |     1 ||    18
       Fulminant Prism   |       |       |     1 |    11 |     6 ||    18
       Conjure Flame     |       |       |       |    21 |    10 ||    31
       Mephitic Cloud    |       |       |       |     3 |     5 ||     8
       Dazzling Spray    |       |       |       |     1 |     1 ||     2
       Conjure Ball Ligh |       |       |       |     2 |    17 ||    19
 Abil: Breathe Fire      |       |       |     7 |    20 |    13 ||    40
Evoke: Wand              |       |     1 |       |     4 |     1 ||     6
  Use: Scroll            |       |       |    10 |     8 |     9 ||    27
       Potion            |       |       |       |       |     1 ||     1
 Stab: Paralysed         |       |     1 |       |       |       ||     1
       Distracted        |       |       |       |     1 |     2 ||     3
       Sleeping          |       |       |       |       |     6 ||     6
  Eat: Chunk             |     5 |     5 |    13 |    32 |    16 ||    71
       Ration            |       |     1 |     2 |     3 |     5 ||    11
Armor: Skin              |    27 |    24 |    50 |   194 |   238 ||   533
Dodge: Dodged            |    49 |    49 |    73 |   317 |   250 ||   738
Block: Buckler           |       |       |       |    96 |   153 ||   249
       Rpst.: Scimitar   |       |       |       |    34 |    66 ||   100

Table legend:
 A = Spawn XP
 B = Non-spawn XP
 C = Spawn XP percentage of total XP
 D = Spawn monster count
 E = Non-spawn monster count
 F = Spawn count percentage of total count
 G = Total turns spent on level
                    A         B        C        D         E        F      G
               +---------+---------+-------+---------+---------+-------+---------
         Total |       0 |   68786 |   0.0 |       0 |     518 |   0.0 | 29183
               +---------+---------+-------+---------+---------+-------+---------
           D:1 |       0 |      28 |   0.0 |       0 |      17 |   0.0 |  1128
           D:2 |       0 |      87 |   0.0 |       0 |      24 |   0.0 |  1502
           D:3 |       0 |     132 |   0.0 |       0 |      33 |   0.0 |  1535
           D:4 |       0 |    1017 |   0.0 |       0 |      33 |   0.0 |  2203
           D:5 |       0 |     788 |   0.0 |       0 |      26 |   0.0 |  1637
           D:6 |       0 |     586 |   0.0 |       0 |      16 |   0.0 |  1313
           D:7 |       0 |    1666 |   0.0 |       0 |      29 |   0.0 |  1778
           D:8 |       0 |    6559 |   0.0 |       0 |      42 |   0.0 |  2529
           D:9 |       0 |    3856 |   0.0 |       0 |      70 |   0.0 |  2708
          D:10 |       0 |    1829 |   0.0 |       0 |      25 |   0.0 |   986
          D:11 |       0 |   14839 |   0.0 |       0 |      58 |   0.0 |  2992
          D:12 |       0 |    6804 |   0.0 |       0 |      20 |   0.0 |   964
          D:13 |       0 |     581 |   0.0 |       0 |       1 |   0.0 |   312
        Lair:1 |       0 |    4360 |   0.0 |       0 |      14 |   0.0 |   953
        Lair:2 |       0 |    7583 |   0.0 |       0 |      37 |   0.0 |  2161
        Lair:3 |       0 |    5310 |   0.0 |       0 |      20 |   0.0 |  1273
        Lair:4 |       0 |    5369 |   0.0 |       0 |      23 |   0.0 |  1804
        Lair:5 |       0 |    6006 |   0.0 |       0 |      21 |   0.0 |   996
        Lair:6 |       0 |    1118 |   0.0 |       0 |       2 |   0.0 |   374
         Orc:1 |       0 |     268 |   0.0 |       0 |       7 |   0.0 |    35
               +---------+---------+-------+---------+---------+-------+---------
